 Dungeon Crawl Stone Soup version 0.30.1-4-g462c640d31 (webtiles) character file.

Game seed: 11258312308022000291

839 booth the Trooper (level 7, 0/57 HPs)
             Began as a Demonspawn Fighter on Aug 25, 2023.
             Slain by a troll (6 damage)
             ... on level 6 of the Dungeon.
             The game lasted 00:23:42 (4867 turns).

booth the Trooper (Demonspawn Fighter)              Turns: 4867, Time: 00:23:42

Health: 0/57       AC: 12    Str: 16    XL:     7   Next: 67%
Magic:  0/7        EV:  9    Int:  9    God:
Gold:   182        SH:  5    Dex: 13    Spells: 6/6 levels left

rFire   . . .        a - +1 war axe
rCold   . . .        c - +0 buckler
rNeg    . . .        b - +0 scale mail
rPois   .            k - +0 helmet
rElec   +            (no cloak)
rCorr   .            f - +0 pair of gloves
SInv    .            (no boots)
Will    .....        (no amulet) Stlth
                     (no ring)
HPRegen 0.29/turn    (no ring)
MPRegen 0.20/turn

%: guardian spirit
@: mighty
A: hooves 1, rugged brown scales 2, magic shield, magic regeneration, shaggy fur
1, electricity resistance, weak 1
a: no special abilities


You were on level 6 of the Dungeon.
You visited 1 branch of the dungeon, and saw 6 of its levels.

You collected 182 gold pieces.

Inventory:

Hand Weapons
 a - a +1 war axe (weapon)
 h - a +0 mace
 n - a +1 flail of draining
 o - a +0 mace
Missiles
 r - a poisoned dart (quivered)
Armour
 b - a +0 scale mail (worn)
 c - a +0 buckler (worn)
 f - a +0 pair of gloves (worn)
 k - a +0 helmet (worn)
 p - a +0 chain mail
Jewellery
 e - a +4 ring of protection
Wands
 q - a wand of mindburst (17)
 s - a wand of flame (20)
Scrolls
 g - a scroll of identify
 i - 2 scrolls of fear
 t - 2 scrolls of amnesia
Potions
 d - a potion of might
 j - a potion of lignification
 l - a potion of invisibility
 m - 2 potions of curing


   Skills:
 + Level 4.8 Fighting
 * Level 4.7(4.8) Axes
 + Level 1.0(3.1) Maces & Flails
 + Level 1.6 Throwing
 + Level 4.3 Armour
 + Level 4.3 Shields


You had 6 spell levels left.
You didn't know any spells.
Your spell library was empty.

Dungeon Overview and Level Annotations

Branches:
Dungeon (6/15)
 Temple: D:4-7

Altars:
Dithmenos
Vehumet
Yredelemnul

Shops:
D:3 (


Innate Abilities, Weirdness & Mutations

You have large cloven feet.
You are mostly covered in rugged brown scales. (AC +2, +5% HP)
When hurt, damage is shared between your health and your magic reserves.
You regenerate magic rapidly.
You are covered in fur. (AC +1)
You are resistant to electric shocks. (rElec)
You are weak. (Str -2)


Message History

Your base Maces & Flails skill increases to level 1!
You start resting.
HP restored.
Found a scroll labelled DOCUIF LIROE.
A troll comes into view.
The troll shouts!
You barely miss the troll. The troll barely misses you.
You block the troll's attack. The troll barely misses you.
The troll closely misses you. The troll claws you. x2
You slash the troll! Your kick misses the troll.
The troll is moderately wounded.
The troll bites you! The troll claws you. x2
You slash the troll! You kick the troll, but do no damage.
The troll is heavily wounded.
The troll bites you! The troll barely misses you.
The troll claws you but does no damage.
You closely miss the troll.
The troll is heavily wounded.
The troll closely misses you. x2; The troll claws you but does no damage.
You barely miss the troll.
The troll is heavily wounded.
The troll barely misses you. You block the troll's attack. The troll claws you!
The troll bites you!
* * * LOW HITPOINT WARNING * * *
The troll barely misses you. The troll claws you but does no damage.
You feel better. The troll bites you but does no damage.
The troll barely misses you. The troll claws you but does no damage.
You feel very mighty all of a sudden. You block the troll's attack.
The troll claws you.
* * * LOW HITPOINT WARNING * * *
The troll closely misses you.
You slice the troll!!
The troll is almost dead.
The troll barely misses you. The troll claws you!
* * * LOW HITPOINT WARNING * * *
The troll claws you.
You hit the troll. Your kick misses the troll.
The troll is almost dead.
The troll bites you but does no damage. The troll claws you!
You die...

## ###########.
#...........
###########.#########.
#<..........# #†
#######################.
#.....T@................
#....#############......
#....# ...............
.......# ...######......
##.....# #...... #?....#
#...... #.....# #......
#...... <...... #######


You could see a troll.

Vanquished Creatures
  Edmund (D:5)
  A water moccasin (D:6)
  An ogre (D:5)
  A phantom (D:5)
  3 scorpions
  An orc priest (D:3)
  A hound (D:6)
  An iguana (D:4)
  2 orc wizards
  2 hound zombies (D:4)
  A howler monkey zombie (D:4)
  2 adders (D:4)
  2 shadow imps (D:5)
  An adder zombie (D:4)
  5 dart slugs
  7 orcs
  5 ball pythons
  3 bats
  3 endoplasms
  4 giant cockroaches
  3 goblins (D:1)
  4 hobgoblins
  2 jackals (D:5)
  A quokka (D:5)
  A frilled lizard (D:1)
  4 kobolds
  6 rats
  A spectral goblin (D:2)
69 creatures vanquished.

Notes
Turn   | Place    | Note
-------+----------+-------------------------------------------
     0 | D:1      | booth the Demonspawn Fighter began the quest for the Orb.
     0 | D:1      | Reached XP level 1. HP: 18/18 MP: 1/1
   244 | D:1      | Gained mutation: You are partially covered in rugged brown
                  | scales. (AC +1, +3% HP) [demonic ancestry]
   244 | D:1      | Reached XP level 2. HP: 16/24 MP: 2/2
  1343 | D:2      | Gained mutation: You regenerate magic rapidly. [demonic
                  | ancestry]
  1343 | D:2      | Reached XP level 3. HP: 29/29 MP: 3/3
  1356 | D:2      | Found a faded altar of an unknown god.
  1863 | D:3      | Found Fuaromna's Weapon Emporium.
  2238 | D:3      | Found a radiant altar of Vehumet.
  2238 | D:3      | Found a shadowy altar of Dithmenos.
  2260 | D:3      | Gained mutation: You are mostly covered in rugged brown
                  | scales. (AC +2, +5% HP) [demonic ancestry]
  2260 | D:3      | Reached XP level 4. HP: 13/36 MP: 4/4
  3000 | D:4      | Noticed a scorpion
  3109 | D:4      | Gained mutation: When hurt, damage is shared between your
                  | health and your magic reserves. [demonic ancestry]
  3109 | D:4      | Reached XP level 5. HP: 41/44 MP: 5/5
  3279 | D:4      | Identified the +3 robe "Lusytyx" {Rampage +Inv Str-2}
  3376 | D:4      | Found a basalt altar of Yredelemnul.
  3597 | D:4      | Gained mutation: You are weak. (Str -2) [potion of
                  | mutation]
  3597 | D:4      | Gained mutation: You are covered in fur. (AC +1) [potion of
                  | mutation]
  3597 | D:4      | Gained mutation: You are resistant to electric shocks.
                  | (rElec) [potion of mutation]
  3672 | D:5      | Entered Level 5 of the Dungeon
  3695 | D:5      | Noticed a phantom
  3714 | D:5      | Killed a phantom
  3715 | D:5      | Reached XP level 6. HP: 43/50 MP: 6/6
  4258 | D:5      | Noticed Edmund
  4276 | D:5      | Killed Edmund
  4277 | D:5      | Reached skill level 1 in Throwing
  4277 | D:5      | Gained mutation: You have large cloven feet. [demonic
                  | ancestry]
  4277 | D:5      | Reached XP level 7. HP: 32/57 MP: 4/7
  4782 | D:6      | Reached skill level 1 in Maces & Flails
  4853 | D:6      | Noticed a troll
  4867 | D:6      | Slain by a troll

Illustrated notes

Levels and vault maps discovered:
D:1:      wander_arrival_chamber, layout_loops_corners
D:2:      layout_basic, dreamdust_ecumenical_altar_drowned_temple,
          hangedman_abyss_or_decor_stabs
D:3:      layout_basic, nicolae_overflow_two_pavilions, serial_shops,
          nicolae_shop_waterfront
D:4:      minmay_recursive_quarters, layout_rooms,
          nicolae_yredelemnul_corpse_copse, kennysheep_generic_room_2
D:5:      layout_basic, uniq_edmund
D:6:      layout_basic, minmay_temple_entry_statues_fountains,
          chequers_serial_rivers_small_3, chequers_serial_rivers_small_3,
          hex_medium, dreamdust_princess_corridor, uniq_eustachio,
          uniq_crazy_yiuf_cottage

Skill      XL: |  1  2  3  4  5  6  7 |
---------------+----------------------+-----
Axes           | 2 3 4 |  4.7
Shields        | 3 4 |  4.3
Armour         | 3 4 |  4.3
Fighting       | 4 |  4.8
Throwing       | 1 |  1.6
Maces & Flails | 1 |  1.0

Action                     |  1- 3 |  4- 6 |  7- 9 || total
---------------------------+-------+-------+-------++-------
  Melee: War axe           |    88 |   119 |    69 ||   276
         Kick              |       |       |    15 ||    15
  Throw: Dart              |       |     7 |     1 ||     8
    Use: Scroll            |    10 |     4 |       ||    14
         Potion            |       |     6 |     4 ||    10
 Armour: Scale mail        |    38 |    66 |    42 ||   146
  Dodge: Dodged            |    43 |    57 |    31 ||   131
  Block: Buckler           |    23 |    18 |    20 ||    61
